 Dungeon Crawl Stone Soup version 0.19-a0-1933-g052ff51 (webtiles) character file.

198 Leibowitz the Poker (level 5, -6/42 HPs)
             Began as a Demigod Gladiator on Oct 26, 2016.
             Splashed by a jelly's acid (8 damage)
             ... on level 4 of the Dungeon.
             The game lasted 00:07:16 (3795 turns).

Leibowitz the Poker (Demigod Gladiator)             Turns: 3795, Time: 00:07:19

Health: -6/42      AC: -2    Str: 18    XL:     5   Next: 23%
Magic:  7/7        EV: 13    Int: 12    God:
Gold:   146        SH:  0    Dex: 18    Spells: 0 memorised, 4 levels left

rFire  . . .     SeeInvis .     a - +0 trident
rCold  . . .     Gourm    .     b - +0 leather armour
rNeg   . . .     Faith    +     (no shield)
rPois  .         Spirit   .     c - +0 helmet
rElec  .         Reflect  .     (no cloak)
rCorr  .         Harm     .     e - +0 pair of gloves
MR     .....                    (no boots)
Stlth  ++........               r - amulet of faith
                                (no ring)
                                (no ring)

@: corroded
A: high mp 1
a: no special abilities


You were on level 4 of the Dungeon.
You were not hungry.

You visited 1 branch of the dungeon, and saw 4 of its levels.

You collected 146 gold pieces.

Inventory:

Hand Weapons
 a - a +0 trident (weapon)
Missiles
 d - 2 throwing nets (quivered)
 i - 27 poisoned needles
Armour
 b - a +0 leather armour (worn)
 c - a +0 helmet (worn)
 e - a +0 pair of gloves (worn)
Jewellery
 r - an amulet of faith (around neck)
Scrolls
 g - 3 scrolls of teleportation {unknown}
 l - a scroll of enchant weapon {unknown}
 n - a scroll of amnesia {unknown}
 o - a scroll of fog {unknown}
 s - a scroll of blinking {unknown}
 t - a scroll of recharging {unknown}
 u - a scroll of identify {unknown}
 v - a scroll of immolation {unknown}
Potions
 h - 2 potions of might {unknown}
 j - a potion of mutation {unknown}
 m - a potion of brilliance {unknown}
 w - a potion of ambrosia {unknown}
 x - 2 potions of curing {unknown}
Comestibles
 f - 4 bread rations
 k - a slice of pizza
 p - 2 fruits
 q - 2 beef jerkies
 z - 2 chunks of flesh


   Skills:
 + Level 2.6 Fighting
 + Level 4.1 Polearms
 + Level 2.0 Throwing
 + Level 1.5 Armour
 + Level 3.2 Dodging
 + Level 1.5 Stealth


You had 4 spell levels left.
You didn't know any spells.

Dungeon Overview and Level Annotations

Branches:
Dungeon (4/15)
 Temple: D:4-7


Innate Abilities, Weirdness & Mutations

You have an increased reservoir of magic. (+10% MP)


Message History

The jelly is heavily wounded.
The jelly closely misses you.
You hit the jelly.
Your hands burn!
The jelly is almost dead.
The jelly hits you but does no damage.
You hit the jelly but do no damage.
Your hands burn!
* * * LOW HITPOINT WARNING * * *
The jelly is severely wounded.
The jelly hits you but does no damage.
You hit the jelly but do no damage.
Your hands burn!
* * * LOW HITPOINT WARNING * * *
The jelly is severely wounded.
The jelly misses you.
You hit the jelly but do no damage.
Your hands burn!
* * * LOW HITPOINT WARNING * * *
The jelly is severely wounded.
The jelly hits you.
* * * LOW HITPOINT WARNING * * *
The acid corrodes you!
You are splashed with acid!
The acid burns!
You die...

############
########..........#
.......#..........#
.......#..(.......#
.......w#..........#
........#..........#
........#@.........#
.......J..........#
......(#..!%......#
####..##..........#
##.#...........#######
###...#######.........(
#...### ####..........
#.#.######.............
# #.............#......


You could see a jelly.

Vanquished Creatures
  2 worker ants (D:4)
  7 adders
  An ooze (D:1)
  A worm (D:3)
  2 dart slugs
  2 leopard geckos (D:2)
  5 orcs
  7 giant cockroaches
  8 goblins
  5 hobgoblins
  9 jackals
  2 kobolds (D:2)
  2 quokkas (D:2)
  2 ball pythons (D:2)
  8 bats
  6 frilled lizards
  4 rats
73 creatures vanquished.

Notes
Turn   | Place    | Note
-------+----------+-------------------------------------------
     0 | D:1      | Leibowitz the Demigod Gladiator began the quest for the Orb.
     0 | D:1      | Reached XP level 1. HP: 17/17 MP: 3/3
   191 | D:1      | Reached XP level 2. HP: 17/24 MP: 4/4
   496 | D:1      | Reached skill level 3 in Polearms
   935 | D:2      | Found a shattered altar of Ashenzari.
   975 | D:2      | Reached XP level 3. HP: 20/29 MP: 5/5
  1154 | D:2      | Reached skill level 1 in Stealth
  1878 | D:2      | Reached skill level 1 in Armour
  1878 | D:2      | Reached XP level 4. HP: 30/36 MP: 6/6
  2559 | D:3      | Found a basalt altar of Yredelemnul.
  2595 | D:3      | Found a hazy altar of Hepliaklqana.
  2596 | D:3      | Found a shimmering altar of Xom.
  2596 | D:3      | Noticed a titan simulacrum
  2597 | D:3      | Noticed a titan simulacrum
  2597 | D:3      | Noticed a spectral ugly thing
  3470 | D:4      | Reached skill level 4 in Polearms
  3470 | D:4      | Reached XP level 5. HP: 7/42 MP: 7/7
  3795 | D:4      | HP: 2/42 [jelly (3)]
  3795 | D:4      | Splashed by a jelly's acid

Vault maps used:
D:1:      lemuel_arrival_rhombus
D:2:      ashenzari_conservatory_becter
D:3:      regret_index_temple_of_mockery, lemuel_coloured_pillars_altar,
          first_bread
D:4:      nicolae_ru_path_of_blood

Skill      XL: |  1  2  3  4 |
---------------+-------------+-----
Throwing       | 2 |  2.0
Polearms       | 3 4 |  4.1
Dodging        | 3 |  3.2
Fighting       | 2 |  2.6
Stealth        | 1 |  1.5
Armour         | 1 |  1.5

Action                   |  1- 3 |  4- 6 || total
-------------------------+-------+-------++-------
Melee: Trident           |   106 |   155 ||   261
Throw: Throwing net      |     4 |     2 ||     6
 Stab: Sleeping          |     7 |     3 ||    10
  Eat: Chunk             |     3 |     6 ||     9
Armor: Leather armour    |    27 |    39 ||    66
Dodge: Dodged            |    72 |    99 ||   171
